 Dungeon Crawl Stone Soup version 0.25-a0-403-g49d089a (webtiles) character file.

Game seed: 10750320760736101600, levelgen mode: deterministic

184 Firecrotchwizard the Chopper (level 5, -1/47 HPs)
             Began as a Hill Orc Abyssal Knight on Jan 10, 2020.
             Was a Believer of Lugonu.
             Killed from afar by Natasha (10 damage)
             ... with a magic dart
             ... on level 3 of the Dungeon.
             The game lasted 00:05:44 (3630 turns).

Firecrotchwizard the Chopper (HOAK)                 Turns: 3630, Time: 00:05:44

Health: -1/47      AC:  7    Str: 16    XL:     5   Next: 64%
Magic:  6/7        EV: 11    Int: 12    God:    Lugonu [**....]
Gold:   198        SH:  0    Dex: 10    Spells: 4/4 levels left

rFire    . . .     SeeInvis .   a - +1 hand axe
rCold    . . .     Gourm    .   (no shield)
rNeg     . . .     Faith    .   v - +2 ring mail {rPois}
rPois    +         Spirit   .   (no helmet)
rElec    .         Reflect  .   (no cloak)
rCorr    .         Harm     .   (no gloves)
MR       .....                  (no boots)
Stlth    ..........             (no amulet)
HPRegen  0.15/turn              i - +1 ring of evasion
MPRegen  0.10/turn              (no ring)

@: no status effects
A: no striking features
a: Depart the Abyss, Bend Space, Renounce Religion


You were on level 3 of the Dungeon.
You worshipped Lugonu.
Lugonu was pleased with you.
You were not hungry.

You visited 1 branch of the dungeon, and saw 3 of its levels.
You visited the Abyss 1 time.

You collected 198 gold pieces.

Inventory:

Hand Weapons
 a - a +1 hand axe (weapon)
Missiles
 k - 10 curare-tipped darts
 t - a throwing net {=f, !d}
 x - 4 poisoned darts
Armour
 b - a +0 leather armour
 e - a +0 chain mail
   (You found it on level 1 of the Dungeon)
 l - a +0 ring mail
   (You found it on level 1 of the Dungeon)
 u - a +0 scale mail
   (You took it off Terence on level 3 of the Dungeon)
 v - a +2 ring mail of poison resistance (worn)
   (You took it off an orc on level 3 of the Dungeon)
Jewellery
 g - an uncursed ring of protection from cold {unknown}
   (You found it on level 1 of the Dungeon)
 i - a +1 ring of evasion (left hand)
   (You found it on level 2 of the Dungeon)
Scrolls
 d - a scroll of fear {unknown}
 f - a scroll of remove curse {unknown}
 h - 2 scrolls of identify {unknown}
 o - 2 scrolls of teleportation {unknown}
 p - a scroll of immolation {unknown}
 q - a scroll of enchant armour {unknown}
 s - a scroll of enchant weapon {unknown}
Potions
 j - a potion of might {unknown}
 m - a potion of ambrosia {unknown}
 n - a potion of lignification {unknown}
 w - a potion of degeneration {unknown}
Comestibles
 c - 6 rations
 r - 4 chunks of flesh {@w0}


   Skills:
 + Level 4.6 Fighting
 * Level 5.1 Axes
 + Level 3.3 Armour
 - Level 0.7 Dodging
 + Level 3.9 Invocations


You had 4 spell levels left.
You didn't know any spells.
Your spell library was empty.

Dungeon Overview and Level Annotations

Branches:
Dungeon (3/15)

Altars:
Sif Muna
The Shining One

Annotations:
D:3 Natasha


Message History

You hit the orc but do no damage. The orc hits you but does no damage.
You hit the orc. The orc completely misses you.
You completely miss the orc. The orc hits you but does no damage.
You closely miss the orc. You hit the orc.
You kill the orc!
Lugonu accepts your kill.
You now have 198 gold pieces (gained 4).
Items here: ))) † a +0 flail; a +0 club; a +0 trident; an orc corpse You butcher the orc corpse.
r - 4 chunks of flesh {@w0}
Items here: ))) ÷ a +0 flail; a +0 club; a +0 trident; an orc skeleton There isn't anything to butcher here.
There isn't anything to butcher here.
A kobold comes into view.
It is wielding a +0 whip of venom and quivering 4 poisoned darts.
The kobold throws a poisoned dart.
The poisoned dart barely misses you.
You see here a poisoned dart.
A kobold is nearby!
Items here: ))) ÷ a +0 flail; a +0 club; a +0 trident; an orc skeleton You see here a stone.
You start resting.
The kobold is too close now for your liking.
The kobold barely misses you.
You see here a stone.
You hit the kobold.
The kobold hits you with a +0 whip of venom.
You take 1 damage, and have 43/47 hp.
You barely miss the kobold. The kobold closely misses you.
You hit the kobold.
You kill the kobold!
Lugonu accepts your kill.
Items here: ( )))) ÷ a +0 whip of venom; 3 poisoned darts; a +0 flail; a +0 club; a +0 trident an orc skeleton There isn't anything to butcher here.
x - 3 poisoned darts
x - 4 poisoned darts (gained 1) Natasha, Servant of Life and Death comes into view.
Natasha hisses angrily.
You regained 2 hp, and now have 46/47 hp.
You hit Natasha but do no damage. Natasha casts a spell at you.
You resist with some effort.
You closely miss Natasha. Natasha misses you.
You closely miss Natasha. Natasha casts a spell at you.
The magic dart hits you!
You take 7 damage, and have 39/47 hp.
You closely miss Natasha. Natasha claws you.
You take 6 damage, and have 33/47 hp.
You are too injured to fight recklessly!
You are too injured to fight recklessly!
You are too injured to fight recklessly!
You hit Natasha but do no damage. Natasha claws you.
You take 1 damage, and have 32/47 hp.
You barely miss Natasha.
Natasha wildly gestures.
You feel troubled. Natasha claws you but does no damage.
You closely miss Natasha. Natasha completely misses you.
You barely miss Natasha. Natasha claws you.
You take 5 damage, and have 27/47 hp.
You closely miss Natasha. Natasha claws you but does no damage.
You closely miss Natasha. Natasha casts a spell at you.
The magic dart hits you but does no damage.
Your ring mail prevents you from hitting Natasha.
Natasha barely misses you.
You hit Natasha.
Natasha stares at you and mumbles some strange words.
The magic dart hits you!
You take 8 damage, and have 20/47 hp.
You barely miss Natasha. Natasha closely misses you.
You closely miss Natasha.
Natasha mumbles some strange words.
Natasha claws you.
* * * LOW HITPOINT WARNING * * *
You take 6 damage, and have 14/47 hp.
You miss Natasha. You barely miss the white imp. Natasha claws you.
* * * LOW HITPOINT WARNING * * *
The white imp barely misses you.
You take 4 damage, and have 10/47 hp.
You hit Natasha. You hit the white imp. Natasha closely misses you.
The white imp barely misses you.
Okay, then.
Space bends around you!
You blink.
Natasha completely misses you.
You take 2 damage, and have 8/47 hp.
You now have 6/7 mp.
You closely miss Natasha. Natasha claws you but does no damage.
You closely miss Natasha. Natasha claws you but does no damage.
You miss Natasha. Natasha closely misses you.
You hit Natasha. Natasha barely misses you.
You hit Natasha. Natasha casts a spell at you. The magic dart hits you!
You die...

#.#).##.#.#####.#####.#<....
#.#.###.#.# #.......#.######
######.......#.# #.#.###.#.#
#........#####.###.#.......######
#................................
#........#####.###.#######.######
#....(...# #.#.................
#........# #.#.#.#.#####.#####.
#........#####.#@###.### #.# ##
..............5h.......# #.#
#####)##.#####).)###.#.# #.#
.<.##(##.#####.#.###.#.###.######
.(...)...........................
...#...#####.....#####.#.#.######
...#.............## #...#.#
####...#####......# ###.#.######
# #...# #....#.# #.#.#.....


You could see Natasha and a white imp.

Vanquished Creatures
  Terence (D:3)
  Natasha (D:3)
  4 adders
  A worm (D:2)
  A dart slug (D:1)
  2 leopard geckos
  8 orcs (D:3)
  A ball python (D:3)
  2 giant cockroaches
  9 goblins
  10 hobgoblins
  8 kobolds
  2 quokkas (D:3)
  4 bats
  2 frilled lizards
  12 rats
68 creatures vanquished.

Vanquished Creatures (others)
  An orc wizard (D:3)
1 creature vanquished.

Grand Total: 69 creatures vanquished

Notes
Turn   | Place    | Note
-------+----------+-------------------------------------------
     0 | Abyss:1  | Firecrotchwizard the Hill Orc Abyssal Knight began the
                  | quest for the Orb.
     0 | Abyss:1  | Reached XP level 1. HP: 19/19 MP: 2/2
     8 | Abyss:1  | Found a corrupted altar of Lugonu.
    40 | Abyss:1  | Noticed a small abomination
    41 | D:1      | Escaped the Abyss
    70 | D:1      | Reached * piety under Lugonu
   197 | D:1      | Reached skill level 3 in Axes
   208 | D:1      | Reached XP level 2. HP: 24/27 MP: 3/3
   423 | D:1      | Reached XP level 3. HP: 31/33 MP: 5/5
   755 | D:1      | Reached skill level 3 in Invocations
  1049 | D:2      | Reached skill level 4 in Fighting
  1512 | D:2      | Found a glowing golden altar of the Shining One.
  1512 | D:2      | Found a shimmering blue altar of Sif Muna.
  1554 | D:2      | Reached skill level 4 in Axes
  1554 | D:2      | Reached XP level 4. HP: 26/40 MP: 6/6
  2470 | D:3      | Reached skill level 3 in Armour
  2746 | D:3      | Reached ** piety under Lugonu
  2893 | D:3      | Noticed Terence
  2910 | D:3      | Killed Terence
  2910 | D:3      | Reached XP level 5. HP: 39/47 MP: 7/7
  2960 | D:3      | Noticed Natasha
  2969 | D:3      | Killed Natasha
  3097 | D:3      | Reached skill level 5 in Axes
  3104 | D:3      | HP: 9/47 [orc (3)]
  3606 | D:3      | Noticed Natasha
  3623 | D:3      | HP: 10/47 [Natasha (5)]
  3630 | D:3      | Killed from afar by Natasha

Levels and vault maps discovered:
D:1:      dpeg_chamrin_arrival_tetris, layout_basic,
          chequers_serial_rivers_micro_d, minmay_pentomino_x2
D:2:      layout_basic, chequers_temple_overflow_statue_of_worship
D:3:      layout_basic, grunt_decor_cap, uniq_natasha, uniq_terence

Skill      XL: |  1  2  3  4  5 |
---------------+----------------+-----
Axes           | 3 4 5 |  5.1
Invocations    | 3 |  3.9
Fighting       | 4 |  4.6
Armour         | 3 |  3.3
Dodging        | |  0.7

Action                   |  1- 3 |  4- 6 || total
-------------------------+-------+-------++-------
Melee: Hand axe          |   125 |   174 ||   299
Throw: Dart              |     1 |       ||     1
Invok: Depart the Abyss  |     1 |       ||     1
       Bend Space        |       |     3 ||     3
  Eat: Chunk             |     2 |     7 ||     9
Armor: Leather armour    |    21 |       ||    21
       Ring mail         |    11 |    37 ||    48
       Scale mail        |       |    22 ||    22
Dodge: Dodged            |    80 |   102 ||   182

Table legend:
 A = Non-vault XP
 B = Vault XP
 C = Vault XP percentage of total XP
 D = Non-vault monster count
 E = Vault monster count
 F = Vault count percentage of total count
                 A         B        C        D         E       F
            +---------+---------+-------+---------+---------+-------
      Total |     193 |      71 |  26.9 |      67 |       2 |   2.9
            +---------+---------+-------+---------+---------+-------
        D:1 |      43 |       0 |   0.0 |      25 |       0 |   0.0
        D:2 |      65 |       0 |   0.0 |      17 |       0 |   0.0
        D:3 |      85 |      71 |  45.5 |      25 |       2 |   7.4
            +---------+---------+-------+---------+---------+-------

Levels and vault maps discovered:
D:1:      dpeg_chamrin_arrival_tetris, layout_basic,
          chequers_serial_rivers_micro_d, minmay_pentomino_x2
D:2:      layout_basic, chequers_temple_overflow_statue_of_worship
D:3:      layout_basic, grunt_decor_cap, uniq_natasha, uniq_terence

Table legend:
 A = Turns spent in this place as a percentage of turns spent in the entire game.
 B = Non-inter-level travel turns spent in this place as a percentage of non-inter-level travel turns spent in the entire game.
 C = Inter-level travel turns spent in this place as a percentage of turns spent in this place.
 D = Turns resting spent in this place as a percentage of non-inter-level travel turns spent in this place.
 E = Turns spent auto-exploring this place as a percentage of non-inter-level travel turns spent in this place.
 F = Non-inter-level travel turns spent in this place divided by the number of levels of this place that you've seen.
                   A       B       C       D       E      F
               +-------+-------+-------+-------+-------+----------------------
         Total | 100.0 | 100.0 |   2.9 |  44.1 |  38.0 | 881.2
       Dungeon |  98.9 |  98.8 |   2.9 |  44.6 |  38.1 | 1161.3
         Abyss |   1.1 |   1.2 |   0.0 |   0.0 |  36.6 |  41.0
               +-------+-------+-------+-------+-------+----------------------

Table legend:
 A = Kills in this place as a percentage of kills in entire the game.
 B = Kills by you in this place as a percentage of kills by you in the entire game.
 C = Kills by friends in this place as a percentage of kills by friends in the entire game.
 D = Other kills in this place as a percentage of other kills in the entire game.
 E = Experience gained in this place as a percentage of experience gained in the entire game.
 F = Experience gained in this place divided by the number of levels of this place that you have seen.
                   A       B       C       D       E      F
               +-------+-------+-------+-------+-------+----------------------
         Total | 100.0 | 100.0 |   N/A | 100.0 | 100.0 |  66.0
       Dungeon | 100.0 | 100.0 |   N/A | 100.0 | 100.0 |  88.0
               +-------+-------+-------+-------+-------+----------------------
